 Dungeon Crawl Stone Soup version 0.26-a0-683-g5206c1d7ac (webtiles) character file.

Game seed: 13367239059328866208

175 Ijustatesigmund the Covert (level 5, -14/28 HPs)
             Began as a Spriggan Delver on Oct 22, 2020.
             Was a Follower of Okawaru.
             Demolished by a mummy (17 damage)
             ... in an ossuary.
             The game lasted 00:04:49 (1459 turns).

Ijustatesigmund the Covert (Spriggan Delver)        Turns: 1459, Time: 00:04:50

Health: -14/28     AC:  2    Str:  8    XL:     5   Next: 29%
Magic:  6/6        EV: 21    Int: 11    God:    Okawaru [*.....]
Gold:   36         SH:  0    Dex: 19    Spells: 4/4 levels left

rFire    . . .     SeeInvis +   a - +0 short sword
rCold    . . .     Faith    .   (shield restricted)
rNeg     . . .     Spirit   .   b - +0 robe
rPois    .         Reflect  .   (helmet restricted)
rElec    .         Harm     .   (no cloak)
rCorr    .         Rampage  .   (gloves unavailable)
MR       .....                  (boots unavailable)
Stlth    ++++......             (no amulet)
HPRegen  0.09/turn              d - ring of wizardry
MPRegen  0.10/turn              (no ring)

@: very quick
A: very small, unfitting armour, see invisible, speed 3
a: Heroism, Renounce Religion


You were in an ossuary.
You worshipped Okawaru.
Okawaru was aware of your devotion.
You visited 2 branches of the dungeon, and saw 4 of its levels.
You also visited: Ossuary.

You collected 36 gold pieces.

Inventory:

Hand Weapons
 a - a +0 short sword (weapon)
Missiles
 h - 11 poisoned darts (quivered)
Armour
 b - a +0 robe (worn)
Jewellery
 d - a ring of wizardry (left hand)
Wands
 g - a wand of digging (3)
Potions
 e - a potion of magic
 i - a potion of cancellation {unknown}


   Skills:
 + Level 3.2 Fighting
 + Level 3.5 Short Blades
 + Level 4.7 Dodging
 + Level 8.3 Stealth


You had 4 spell levels left.
You didn't know any spells.
Your spell library was empty.

Dungeon Overview and Level Annotations

Branches:
Dungeon (6/15)             Temple (1/1) D:5         Ossuary (1/1)

Altars:
Fedhas
Okawaru
Qazlal
Xom
Zin


Innate Abilities, Weirdness & Mutations

You are very small and have problems with some larger weapons.
You are too small for most types of armour.
You have supernaturally acute eyesight. (SInv)
You cover ground extremely quickly.


Message History

You are too injured to fight recklessly!
You are too injured to fight recklessly!
You are too injured to fight recklessly!
As you read the scroll of fog, it crumbles to dust.
The scroll dissolves into smoke.
The hobgoblin zombie barely misses you.
A mummy comes into view.
Your extra speed is starting to run out.
Found 24 gold pieces and a fluorescent wand.
A mummy comes into view.
Found 17 gold pieces and a scroll labeled DUZURA UDGHEAWO.
Found a gate leading back out of this place.
You feel yourself slow down.
You barely miss the mummy. The mummy completely misses you.
You hit the mummy.
The mummy is lightly damaged.
You hit the mummy.
The mummy is moderately damaged.
The mummy hits you!
Ouch! That really hurt!
You die...

#.................
#.. #..........∩.....
#∩. #..........∩.....
#..##................
#..#...............Z.
#....................
#.....Z....Z.........
#.....##.....Z....Z..
#...@.##.............
#....M...............
#................
####.........###
#/$+..........
#?$#........
############


You could see a mummy and a goblin zombie.

Vanquished Creatures
  Blork the orc (D:4)
  A hound (D:4)
  A worker ant (D:5)
  3 adders (D:5)
  A shadow imp (D:5)
  An adder zombie (Ossuary)
  A worm (D:4)
  A leopard gecko (D:4)
  An orc (D:5)
  2 giant cockroaches (D:5)
  A jackal zombie (Ossuary)
14 creatures vanquished.

Notes
Turn   | Place    | Note
-------+----------+-------------------------------------------
     0 | D:5      | Ijustatesigmund the Spriggan Delver began the quest for the
                  | Orb.
     0 | D:5      | Reached XP level 1. HP: 11/11 MP: 2/2
    72 | D:5      | Noticed a hound
    73 | D:5      | Noticed a centaur
    79 | D:5      | Noticed a worker ant
   133 | D:6      | Noticed a scorpion
   186 | D:5      | Noticed a jelly
   226 | D:5      | Reached XP level 2. HP: 16/16 MP: 3/3
   364 | D:5      | Found a staircase to the Ecumenical Temple.
   388 | Temple   | Entered the Ecumenical Temple
   420 | Temple   | Became a worshipper of Warmaster Okawaru
   930 | D:5      | Reached XP level 3. HP: 15/19 MP: 4/4
  1208 | D:4      | Reached XP level 4. HP: 22/23 MP: 5/5
  1259 | D:4      | Noticed Blork the orc
  1262 | D:4      | Reached skill level 8 in Stealth
  1272 | D:4      | Killed Blork the orc
  1272 | D:4      | Reached XP level 5. HP: 16/28 MP: 6/6
  1385 | D:4      | Found a sand-covered staircase.
  1393 | Ossuary  | Entered an ossuary
  1421 | Ossuary  | Reached * piety under Okawaru
  1459 | Ossuary  | Demolished by a mummy

Illustrated notes

Levels and vault maps discovered:
D:4:      layout_basic, enter_ossuary_1, minmay_starry_boxes,
          uniq_blork_the_orc, uniq_natasha, uniq_pikel
D:5:      layout_basic, minmay_temple_entry_wispy, minmay_manual_moon
D:6:      layout_basic, ashenzari_conservatory_becter,
          minmay_guarded_unrand_staff_of_olgreb
Temple:   regret_index_temple_sphere_string
Ossuary:  ossuary_minmay_tomb_2a

Skill      XL: |  1  2  3  4 |
---------------+-------------+-----
Short Blades   | 3 |  3.5
Dodging        | 4 |  4.7
Fighting       | 3 |  3.2
Stealth        | 8 |  8.3

Action                   |  1- 3 |  4- 6 || total
-------------------------+-------+-------++-------
Melee: Short sword       |    63 |    46 ||   109
Throw: Dart              |    14 |       ||    14
  Use: Scroll            |     1 |     2 ||     3
       Potion            |     1 |     1 ||     2
 Stab: Sleeping          |       |     2 ||     2
Armor: Robe              |     5 |     5 ||    10
Dodge: Dodged            |    51 |    31 ||    82

Table legend: (Time is in decaauts)
 A = Elapsed time spent in this place.
 B = Non-inter-level travel time spent in this place.
 C = Inter-level travel time spent in this place.
 D = Time resting spent in this place.
 E = Time spent auto-exploring this place.
 F = Levels seen in this place.
 G = Mean time per level.
                   A        B        C        D        E       F      G
               +--------+--------+--------+--------+--------+-----+--------+
         Total |   1188 |   1158 |     30 |    641 |     81 |   5 |  237.6 |
       Dungeon |   1121 |   1100 |     21 |    641 |     64 |   3 |  373.7 |
        Temple |     28 |     20 |      8 |      0 |     16 |   1 |   28.0 |
       Ossuary |     38 |     38 |      0 |      0 |      0 |   1 |   38.0 |
               +--------+--------+--------+--------+--------+-----+--------+

Top non-repeatable levels by time:
     D:5: 955 daAuts
     D:4: 163 daAuts
 Ossuary: 38 daAuts
  Temple: 28 daAuts
     D:6: 1 daAuts
